 Dungeon Sprint DCSS version 0.30.1-4-g462c640d31 (webtiles) character file.

Game seed: 13725927830594499776

8684 Heoruswealwe the Evocator (level 11, -7/72 HPs)
             Began as a Spriggan Artificer on Aug 29, 2023.
             Was a High Priest of Sif Muna.
             Mangled by a demonic crawler (18 damage)
             ... in the Dungeon (Sprint I: "Red Sonja").
             The game lasted 00:20:23 (962 turns).

Heoruswealwe the Evocator (Spriggan Artificer)       Turns: 962, Time: 00:20:24

Health: -7/72      AC:  4    Str:  8    XL:     11   Next: 13%
Magic:  12/12      EV: 28    Int: 18    God:    Sif Muna [*****.]
Gold:   207        SH:  0    Dex: 15    Spells: 10/10 levels left

rFire   + . .        a - +4 rapier (freeze)
rCold   . . .        (no shield)
rNeg    . . .        c - +2 robe {rF+}
rPois   .            (helmet restricted)
rElec   .            (no cloak)
rCorr   .            (gloves unavailable)
SInv    +            (boots unavailable)
Will    +....        (no amulet) Stlth
                     (no ring)
HPRegen 0.32/turn    (no ring)
MPRegen 0.13/turn

%: no teleportation
@: berserking, hasted, very quick
A: very small, no large weapons, unfitting armour, see invisible, speed 3
a: Renounce Religion, Channel Magic, Forget Spell, Divine Exegesis


You were in the Dungeon.
You worshipped Sif Muna.
Sif Muna was extremely pleased with you.
You visited 1 branch You collected 2154 gold pieces.
You spent 1911 gold pieces at shops.
You donated 36 gold pieces to Zin.

Inventory:

Hand Weapons
 a - a +4 rapier of freezing (weapon)
Armour
 c - a +2 robe of fire resistance (worn)
 p - a +0 troll leather armour
Magical Staves
 o - a staff of earth
Wands
 d - a wand of charming (2)
 l - a wand of digging (4)
 n - a wand of flame (9)
Scrolls
 b - a scroll of silence
 e - 2 scrolls of immolation
 k - a scroll of blinking
 m - 4 scrolls of identify
Potions
 f - 4 potions of curing
 h - a potion of haste
 i - 3 potions of magic
 r - a potion of lignification
Miscellaneous
 q - a tin of tremorstones (2/2)


   Skills:
 - Level 0.7 Fighting
 + Level 17.9 Dodging
 + Level 20.6 Stealth
 * Level 24.2 Evocations


You had 10 spell levels left.
You didn't know any spells.
Your spell library contained the following spells:

 Spells                   Type           Power      Damage    Failure   Level
 Foxfire                  Conj/Fire      0%         2x1d4     22%         1
 Poisonous Vapours        Pois/Air       0%         N/A       32%         2
 Mephitic Cloud           Conj/Pois/Air  0%         N/A       54%         3


Dungeon Overview and Level Annotations

Branches:
Dungeon (1/1)

Altars:
Cheibriados
Dithmenos
Elyvilon
Fedhas
Gozag
Hepliaklqana
Kikubaaqudgha
Makhleb
Nemelex Xobeh
Okawaru
Qazlal
Ru
Sif Muna
Trog
Uskayaw
Vehumet
Wu Jian
Xom
Yredelemnul
Zin
The Shining One
Jiyva
Lugonu

Shops:
D [(*=??=:?(*[([**(!*[(


Innate Abilities, Weirdness & Mutations

You are very small and have problems with some larger weapons.
You are too small for most types of armour.
You have supernaturally acute eyesight. (SInv)
You cover ground extremely quickly. (Speed+++)


Message History

The demonic crawler is lightly wounded.
The demonic crawler misses you. The demonic crawler closely misses you.
The demonic crawler hits you. The demonic crawler misses you.
The demonic crawler barely misses you. The demonic crawler closely misses you.
You hit the demonic crawler. You freeze the demonic crawler.
The demonic crawler is lightly wounded.
The demonic crawler barely misses you.
The demonic crawler completely misses you.
The demonic crawler closely misses you.
You feel yourself speed up. The demonic crawler misses you.
The demonic crawler completely misses you. x2
A red film seems to cover your vision as you go berserk!
You feel yourself moving faster!
You feel mighty!
The demonic crawler completely misses you.
The demonic crawler closely misses you. The demonic crawler hits you.
You hit the demonic crawler. You freeze the demonic crawler.
The demonic crawler is lightly wounded.
The demonic crawler hits you!
The demonic crawler completely misses you.
The demonic crawler misses you.
You barely miss the demonic crawler.
The demonic crawler is lightly wounded.
The demonic crawler misses you.
The demonic crawler completely misses you. x2
You hit the demonic crawler. You freeze the demonic crawler.
The demonic crawler is lightly wounded.
The demonic crawler misses you.
The demonic crawler closely misses you. x2
The demonic crawler hits you but does no damage.
The demonic crawler barely misses you. The demonic crawler hits you!
You hit the demonic crawler. You freeze the demonic crawler.
The demonic crawler is lightly wounded.
The demonic crawler completely misses you.
The demonic crawler hits you!
* * * LOW HITPOINT WARNING * * *
The demonic crawler closely misses you.
You hit the demonic crawler. You freeze the demonic crawler.
The demonic crawler is lightly wounded.
The demonic crawler completely misses you.
The demonic crawler hits you!!
You die...

#########################********
<.#..'..#..'..#__#..'..)#,,*,,,,+
..)).#..'[.#..'.@s..#...##+#,****
..#####'#####'#__####)..'..#,*,**
..####..#...#)####[§#####..+,*+*,
..#__####..##.#~§§.§#..#*+##**,,,
..#_____##'#_.+~§~§.+.†#,,,,,*,,,
⌠⌠#_.∩...'..._#~~~.§#..#,,,,,+,,,
#.#_..__##_.#'##+#####'###,,,*,,,
..#_____###'#)#.[.(###.+.#,,,***+
###########.####'###(###.#,,***,,


You could see a demonic crawler.

Vanquished Creatures
  2 centaur warriors (D)
  Sonja (D)
  A deep troll (D)
  An oklob plant (D)
  8 shining eyes (D)
  2 unseen horrors (D)
  2 kobold demonologists (D)
  A hornet (D)
  Sigmund (D)
  A slime creature (D)
  A yak (D)
  A redback (D)
  6 floating eyes (D)
  An ogre (D)
  3 necrophages (D)
  6 jellies (D)
  Ijyb (D)
39 creatures vanquished.

Vanquished Creatures (collateral kills)
  4 necrophages (D)
4 creatures vanquished.

Vanquished Creatures (others)
  3 demonic crawlers (D)
  A redback (D)
  2 jellies (D)
  2 ballistomycete spores (D)
8 creatures vanquished.

Grand Total: 51 creatures vanquished

Notes
Turn   | Place    | Note
-------+----------+-------------------------------------------
     0 | D        | Heoruswealwe the Spriggan Artificer began the quest for the
                  | Orb.
     0 | D        | Reached XP level 1. HP: 9/9 MP: 2/2
     1 | D        | Noticed Ijyb
     4 | D        | Killed Ijyb
     5 | D        | Reached skill level 6 in Evocations
     5 | D        | Reached XP level 2. HP: 14/14 MP: 3/3
    28 | D        | Noticed an ogre
    34 | D        | Killed an ogre
    35 | D        | Reached skill level 9 in Evocations
    35 | D        | Reached XP level 3. HP: 17/17 MP: 4/4
    35 | D        | Reached XP level 4. HP: 21/21 MP: 5/5
    48 | D        | Noticed Sigmund
    50 | D        | Killed Sigmund
    51 | D        | Reached skill level 12 in Evocations
    51 | D        | Reached XP level 5. HP: 25/25 MP: 6/6
    51 | D        | Reached XP level 6. HP: 29/29 MP: 7/7
    76 | D        | Found an ornate altar of the Wu Jian Council.
    76 | D        | Found a shimmering blue altar of Sif Muna.
    80 | D        | Reached skill level 10 in Stealth
    80 | D        | Found a radiant altar of Vehumet.
   106 | D        | Found Dod Sodi's Jewellery Emporium.
   106 | D        | Found an ancient bone altar of Kikubaaqudgha.
   106 | D        | Found a hazy altar of Hepliaklqana.
   106 | D        | Found a stormy altar of Qazlal.
   106 | D        | Found a hide-covered altar of Uskayaw.
   106 | D        | Found a blossoming altar of Fedhas.
   106 | D        | Found a bloodstained altar of Trog.
   106 | D        | Found an iron altar of Okawaru.
   106 | D        | Found a basalt altar of Yredelemnul.
   106 | D        | Found a glowing golden altar of the Shining One.
   106 | D        | Found a snail-covered altar of Cheibriados.
   106 | D        | Found a sacrificial altar of Ru.
   106 | D        | Found a glowing silver altar of Zin.
   106 | D        | Found a shadowy altar of Dithmenos.
   106 | D        | Found a white marble altar of Elyvilon.
   106 | D        | Noticed a yak
   123 | D        | Killed a yak
   124 | D        | Reached skill level 10 in Dodging
   124 | D        | Reached skill level 13 in Evocations
   132 | D        | Found an opulent altar of Gozag.
   133 | D        | Found a sparkling altar of Nemelex Xobeh.
   138 | D        | Became a worshipper of Zin the Law-Giver
   138 | D        | Reached * piety under Zin
   138 | D        | Reached ** piety under Zin
   138 | D        | Reached *** piety under Zin
   138 | D        | Reached **** piety under Zin
   138 | D        | Reached ***** piety under Zin
   138 | D        | Reached ****** piety under Zin
   147 | D        | Noticed Sonja
   149 | D        | Killed Sonja
   150 | D        | Reached skill level 16 in Evocations
   150 | D        | Reached XP level 7. HP: 32/32 MP: 8/8
   170 | D        | Found Vysoos's Antique Armour Boutique.
   184 | D        | Noticed a shining eye
   184 | D        | Noticed a shining eye
   184 | D        | Noticed a shining eye
   185 | D        | Noticed a shining eye
   185 | D        | Noticed a shining eye
   185 | D        | Noticed a shining eye
   190 | D        | Reached XP level 8. HP: 37/37 MP: 9/9
   190 | D        | Noticed a shining eye
   190 | D        | Noticed a shining eye
   191 | D        | Paralysed by a floating eye for 4 turns
   201 | D        | Paralysed by a floating eye for 3 turns
   209 | D        | Paralysed by a floating eye for 4 turns
   219 | D        | Paralysed by a floating eye for 4 turns
   224 | D        | Paralysed by a floating eye for 3 turns
   228 | D        | Killed a shining eye
   229 | D        | Reached skill level 17 in Evocations
   232 | D        | Reached skill level 15 in Stealth
   232 | D        | Reached skill level 18 in Evocations
   242 | D        | Killed a shining eye
   243 | D        | Reached XP level 9. HP: 40/40 MP: 10/10
   254 | D        | Killed a shining eye
   255 | D        | Reached skill level 19 in Evocations
   261 | D        | Killed a shining eye
   261 | D        | Killed a shining eye
   262 | D        | Reached skill level 20 in Evocations
   266 | D        | Killed a shining eye
   267 | D        | Reached skill level 15 in Dodging
   269 | D        | Killed a shining eye
   270 | D        | Reached skill level 21 in Evocations
   270 | D        | Reached XP level 10. HP: 44/44 MP: 11/11
   279 | D        | Killed a shining eye
   287 | D        | Found Ygigodao's Antique Weapon Shoppe.
   287 | D        | Found Gaag's Magic Scroll Shop.
   287 | D        | Found Guppin's Assorted Antiques.
   287 | D        | Found Kigurgh's Magic Scroll Boutique.
   293 | D        | Bought a scroll labelled BYGE JEYWNALLA for 23 gold pieces
   293 | D        | Bought a scroll labelled PUOFEU CEONWA for 23 gold pieces
   293 | D        | Bought a scroll labelled PIJIEKO ENOE for 23 gold pieces
   293 | D        | Bought a wand of flame (9) for 144 gold pieces
   293 | D        | Bought a scroll labelled PIJIEKO ENOE for 23 gold pieces
   323 | D        | Fell from the grace of Zin
   323 | D        | Became a worshipper of Sif Muna the Loreminder
   365 | D        | Noticed a deep troll
   369 | D        | Killed a deep troll
   382 | D        | Found Heoxkon's Armour Emporium.
   404 | D        | Noticed a centaur warrior
   405 | D        | Noticed a centaur warrior
   408 | D        | Killed a centaur warrior
   409 | D        | Reached skill level 22 in Evocations
   410 | D        | Killed a centaur warrior
   410 | D        | Reached * piety under Sif Muna
   454 | D        | Noticed an oklob plant
   456 | D        | Killed an oklob plant
   456 | D        | Reached ** piety under Sif Muna
   457 | D        | Reached skill level 23 in Evocations
   566 | D        | Reached *** piety under Sif Muna
   583 | D        | Reached **** piety under Sif Muna
   600 | D        | Reached XP level 11. HP: 48/48 MP: 12/12
   610 | D        | Reached ***** piety under Sif Muna
   633 | D        | Found Tiomoat's Book Shoppe.
   633 | D        | Found Ymnobicy's Jewellery Shop.
   633 | D        | Found Doutycij's Magic Scroll Boutique.
   639 | D        | Found Nepnu's Distillery.
   639 | D        | Found Gourchas's Antique Weapon Emporium.
   639 | D        | Found Waonteq's General Store.
   659 | D        | Received a gift from Sif Muna
   660 | D        | Got Sif Muna's Guide on Intoxicating Incandescence {god
                  | gift}
   725 | D        | Found Kuaseeco's Antique Weapon Boutique.
   725 | D        | Found Zabap's General Store.
   725 | D        | Found Osom's Assorted Antiques.
   725 | D        | Found Qeusalle's Antique Armour Emporium.
   725 | D        | Found Dougus's Antique Weapon Boutique.
   725 | D        | Found Maday's Armour Shoppe.
   725 | D        | Found Deat's Assorted Antiques.
   729 | D        | Found Ekhlaqe's Weapon Emporium.
   732 | D        | Bought a scroll labelled PIJIEKO ENOE for 24 gold pieces
   732 | D        | Bought a scroll labelled PIJIEKO ENOE for 24 gold pieces
   732 | D        | Bought a wand of flame (10) for 168 gold pieces
   732 | D        | Bought a scroll labelled ROOSIN KAUPOBOPN for 24 gold
                  | pieces
   732 | D        | Bought a bubbling green potion for 21 gold pieces
   732 | D        | Bought a scroll labelled PIJIEKO ENOE for 24 gold pieces
   732 | D        | Bought a scroll labelled PIJIEKO ENOE for 24 gold pieces
   734 | D        | Bought a runed rapier for 217 gold pieces
   736 | D        | Bought a scroll labelled UTEKAG ZA AFU for 21 gold pieces
   752 | D        | Bought a scroll of identify for 26 gold pieces
   752 | D        | Bought a scroll of identify for 26 gold pieces
   752 | D        | Bought a scroll of identify for 26 gold pieces
   803 | D        | Bought a scroll of magic mapping for 105 gold pieces
   840 | D        | Bought a tin of tremorstones (2/2) for 840 gold pieces
   876 | D        | Bought a scroll of enchant weapon for 105 gold pieces
   902 | D        | Found a burning altar of Makhleb.
   902 | D        | Found a viscous altar of Jiyva.
   902 | D        | Found a shimmering altar of Xom.
   902 | D        | Found a corrupted altar of Lugonu.
   923 | D        | Reached skill level 24 in Evocations
   962 | D        | Mangled by a demonic crawler

Illustrated notes

Levels and vault maps discovered:
D:        dungeon_sprint_1 [red_sonja_temple_1, red_sonja_temple_small_1]

Skill      XL: |  1  2  3  4  5  6  7  8  9 10 11 |
---------------+----------------------------------+-----
Dodging        | 4 6 8 11 12 13 15 17 | 17.9
Stealth        | 4 7 9 13 15 17 20 | 20.6
Evocations     | 6 9 12 16 18 21 23 24 | 24.2
Fighting       | |  0.7

Action                     |  1- 3 |  4- 6 |  7- 9 | 10-12 || total
---------------------------+-------+-------+-------+-------++-------
  Melee: Dagger            |       |       |    67 |    46 ||   113
         Punch             |       |       |     1 |     1 ||     2
         Rapier            |       |       |       |    12 ||    12
  Evoke: Wand              |     7 |    14 |       |    24 ||    45
    Use: Potion            |       |       |       |     3 ||     3
         Scroll            |       |       |       |     9 ||     9
   Stab: Sleeping          |       |       |     1 |    15 ||    16
 Armour: Robe              |       |       |       |     3 ||     3
  Dodge: Dodged            |       |     2 |       |    81 ||    83
